AoeStats
← Horizon

Arabia

507930132Analyzed
1v1 RM · 12d ago on Sep 20, 2026· 41m 16s· 2 players
Game mode
Random Map
Map size
Tiny (2 player)
Population
200
Speed
Normal
Resources
Standard
Victory
Conquest
Starting age
Dark Age
Ending age
Imperial Age
RankedLock teamsTeams togetherTeam positionsShared explorationLock speedFull tech treeHidden civsTurbo modeCheats
Victory
Defeat
🇨🇭 Italians · Switzerland
1501
+16
🇵🇰 Tatars · Pakistan
1504
-16
Xanthos
8:13 Loom
11:10 Feudal Age
12:47 Double-Bit Axe
15:00 Horse Collar
16:15 Fletching
23:09 Castle Age
21:50 Padded Archer Armor
21:48 Gold Mining
23:30 Crossbowman
24:16 Thumb Ring
24:12 Squires
24:31 Leather Archer Armor
25:13 Town Watch
25:50 Ballistics
26:10 Bodkin Arrow
29:42 Wheelbarrow
32:16 Hand Cart
31:50 Elite Skirmisher
38:07 Imperial Age
37:35 Bow Saw
39:06 Elite Genoese Crossbowman
40:58 Chemistry
40:09 Masonry
40:54 Hoardings
Horizon
0:26 Loom
9:20 Feudal Age
10:36 Double-Bit Axe
17:18 Fletching
23:51 Castle Age
22:23 Horse Collar
23:01 Gold Mining
23:45 Bloodlines
24:42 Bodkin Arrow
26:25 Town Watch
28:30 Husbandry
36:25 Wheelbarrow
35:18 Elite Skirmisher
40:04 Imperial Age
40:24 Wheelbarrow
39:14 Elite Skirmisher
41:44 Padded Archer Armor
42:48 Chemistry
Connection lost

Rejoining the realm…

Still unreachable

The connection could not be restored.

Session expired

The server has moved on; the page needs a fresh start.